 Dungeon Crawl Stone Soup version 0.30-a0-782-ge64f9170bb (webtiles) character file.

Game seed: 3741982035886155237

5138 HoaS the Skirmisher (level 10, -6/73 HPs)
             Began as a Demigod Hunter on Mar 9, 2023.
             Mangled by a skyshark (21 damage)
             ... on level 1 of the Lair of Beasts.
             The game lasted 00:15:38 (9520 turns).

HoaS the Skirmisher (Demigod Hunter)                Turns: 9520, Time: 00:15:38

Health: -6/73      AC:  9    Str: 15    XL:     10   Next: 11%
Magic:  0/13       EV: 12    Int: 11    God:
Gold:   215        SH:  0    Dex: 29    Spells: 9/9 levels left

rFire   . . .      SeeInvis +    a - +1 shortbow
rCold   . . .      Faith    .    (shield currently unavailable)
rNeg    + . .      Spirit   +    c - +1 leather armour
rPois   .          Reflect  .    (no helmet)
rElec   .          Harm     .    A - +0 cloak
rCorr   .          Rampage  .    z - +2 pair of gloves {Str+3}
Will    +....                    y - +0 pair of boots
Stlth   ++                       j - amulet of guardian spirit
HPRegen 0.32/turn                t - ring of see invisible
MPRegen 0.13/turn                l - ring of positive energy

@: lethally poisoned (-6 -> -9), marked
A: high MP 1, forlorn, divine attributes
a: no special abilities


You were on level 1 of the Lair of Beasts.
You visited 2 branches of the dungeon, and saw 10 of its levels.
You also visited: Bailey.

You collected 614 gold pieces.
You spent 399 gold pieces at shops.

Inventory:

Hand Weapons
 a - a +1 shortbow (weapon)
Armour
 c - a +1 leather armour (worn)
 y - a +0 pair of boots (worn)
 z - a +2 pair of gloves of strength (worn)
 A - a +0 cloak (worn)
Jewellery
 d - a ring of protection from cold
 j - an amulet of guardian spirit (around neck)
 l - a ring of positive energy (right hand)
 t - a ring of see invisible (left hand)
Wands
 s - a wand of paralysis (12)
 x - a wand of iceblast (6)
 C - a wand of flame (11)
 E - a wand of polymorph (5)
Scrolls
 b - a scroll of immolation
 p - 8 scrolls of teleportation
 q - a scroll of blinking
 v - a scroll of fear
 D - 2 scrolls of amnesia {unknown}
Potions
 e - 2 potions of attraction
 f - 2 potions of heal wounds
 g - 2 potions of cancellation {unknown}
 h - 3 potions of mutation
 i - 2 potions of curing
 k - 3 potions of brilliance {unknown}
 m - a potion of magic {unknown}
 n - 3 potions of haste {unknown}
 o - 2 potions of lignification {unknown}
 r - 4 potions of flight {unknown}
 u - a potion of experience
 w - a potion of might {unknown}
 B - a potion of degeneration {unknown}


   Skills:
 - Level 1.7 Fighting
 + Level 14.3 Ranged Weapons
 - Level 1.7 Dodging
 - Level 0.8 Stealth


You had 9 spell levels left.
You didn't know any spells.
Your spell library contained the following spells:

 Spells                   Type           Power      Damage    Failure   Level
 Blink                    Tloc           0%         N/A       54%         2
 Lesser Beckoning         Tloc           0%         N/A       54%         2
 Momentum Strike          Conj/Tloc      0%         3d8       54%         2
 Frozen Ramparts          Ice            0%         1d1       78%         3
 Animate Armour           Summ/Erth      0%         N/A       99%         4
 Animate Dead             Necr           0%         N/A       99%         4
 Ice Form                 Ice/Tmut       0%         N/A       99%         4
 Summon Ice Beast         Ice/Summ       0%         N/A       99%         4
 Blade Hands              Tmut           0%         N/A       100%        5
 Iron Shot                Conj/Erth      0%         9d1       100%        6
 Haunt                    Necr/Summ      0%         N/A       100%        7
 Infestation              Necr           0%         N/A       100%        8


Dungeon Overview and Level Annotations

Branches:
Dungeon (9/15)             Temple (0/1) D:5            Lair (1/5) D:9
 Bailey (visited)
    Orc: D:9-12

Shops:
D:9 ?[


Innate Abilities, Weirdness & Mutations

You have an increased reservoir of magic. (+10% MP)
You shall have no god before yourself.
Your divine heritage dramatically boosts your attributes as you level up.


Message History

The skyshark is moderately wounded.
You feel very sick. The bullfrog hits you. The skyshark bites you!
The skyshark tastes blood and grows stronger!
The skyshark tail-slaps you but does no damage.
The water moccasin bites you but does no damage.
You shoot an arrow. The arrow hits the skyshark!
The skyshark is moderately wounded.
You feel very sick. The bullfrog closely misses you.
The skyshark barely misses you. The skyshark tail-slaps you!
The water moccasin closely misses you.
You shoot an arrow.
The arrow completely misses the skyshark.
You feel sick. The bullfrog misses you. The skyshark bites you!
The skyshark enters a blood-rage!
The skyshark tail-slaps you. The water moccasin barely misses you.
The bullfrog hits you!
You are too injured to fight recklessly!
You are too injured to fight recklessly!
You feel much better.
You feel sick. The skyshark closely misses you.
The skyshark tail-slaps you but does no damage.
The skyshark completely misses you. The skyshark misses you.
The water moccasin closely misses you. The bullfrog closely misses you.
The skyshark barely misses you. The skyshark closely misses you.
You feel much better.
You feel sick. The skyshark barely misses you. The skyshark tail-slaps you.
The water moccasin closely misses you. The bullfrog hits you.
The skyshark bites you! The skyshark barely misses you.
The water moccasin barely misses you. The bullfrog hits you.
You shoot an arrow. The arrow hits the skyshark!
The skyshark is heavily wounded.
You feel sick. The skyshark bites you!
The skyshark tail-slaps you but does no damage.
The water moccasin misses you. The bullfrog misses you.
The skyshark bites you!!
* * * LOW HITPOINT WARNING * * *
The skyshark tail-slaps you.
* * * LOW HITPOINT WARNING * * *
You shoot an arrow. The arrow hits the skyshark!
The skyshark is severely wounded.
You feel sick. The skyshark bites you!!
You die...

##### ### ### ###
###...######P#####.###.#########.
.................................
.................................
.................................
...............l@F...............
......)..........S...............
.....<....†...#.######.########..
######.......#### ### ##
#.......# #.......# #P.......#
##.......# #P........#


You could see a skyshark (berserk), a water moccasin and a bullfrog.

Vanquished Creatures
  Grinder (D:4)
  Sigmund (D:3)
  A wraith (D:8)
  4 yaks
  A basilisk (D:9)
  4 wyverns (D:9)
  A steam dragon (D:8)
  A water moccasin (D:9)
  2 ice beasts
  3 sky beasts
  5 orc warriors
  2 ogres
  3 centaurs
  A phantom (D:5)
  2 kobold brigands
  3 bullfrogs
  4 scorpions
  2 necrophages
  4 wights (D:6)
  A killer bee (D:8)
  2 howler monkeys (D:9)
  6 hounds
  A jelly (D:5)
  2 orc priests
  4 iguanas
  An orc wizard (D:9)
  7 gnolls
  10 adders
  A shadow imp (D:7)
  A white imp (D:7)
  An ufetubus (D:5)
  A worm (D:2)
  A dart slug (D:2)
  24 orcs
  10 endoplasms
  A giant cockroach (D:1)
  12 goblins
  14 hobgoblins
  2 jackals (D:5)
  7 quokkas
  6 ball pythons
  7 bats
  A frilled lizard (D:1)
  27 kobolds
  10 rats
205 creatures vanquished.

Vanquished Creatures (others)
  A wight (D:9)
  3 fungi (D:9)
  25 plants (D:9)
29 creatures vanquished.

Grand Total: 234 creatures vanquished

Notes
Turn   | Place    | Note
-------+----------+-------------------------------------------
     0 | D:1      | HoaS the Demigod Hunter began the quest for the Orb.
     0 | D:1      | Reached XP level 1. HP: 17/17 MP: 3/3
    62 | D:1      | Reached skill level 4 in Ranged Weapons
   183 | D:1      | Reached XP level 2. HP: 24/24 MP: 4/4
   982 | D:2      | Reached XP level 3. HP: 29/29 MP: 5/5
  1273 | D:2      | Reached skill level 5 in Ranged Weapons
  1703 | D:2      | Reached XP level 4. HP: 27/36 MP: 6/6
  2217 | D:3      | Reached skill level 6 in Ranged Weapons
  2217 | D:3      | Reached XP level 5. HP: 41/41 MP: 7/7
  2242 | D:3      | Noticed Sigmund
  2267 | D:3      | Killed Sigmund
  2268 | D:3      | Reached XP level 6. HP: 38/48 MP: 6/8
  2305 | D:3      | Reached skill level 7 in Ranged Weapons
  2313 | D:3      | Noticed a shining eye
  2317 | D:3      | Noticed a golden eye
  2317 | D:3      | Noticed a shining eye
  2876 | D:4      | Noticed Grinder
  3069 | D:5      | Entered Level 5 of the Dungeon
  3334 | D:5      | Reached skill level 8 in Ranged Weapons
  3336 | D:5      | Reached XP level 7. HP: 52/53 MP: 9/9
  3655 | D:5      | Identified the +8 sling of the Unseen Realm {heavy, Will+
                  | Str+3}
  3861 | D:5      | Reached skill level 9 in Ranged Weapons
  3968 | D:5      | Found a staircase to the Ecumenical Temple.
  4453 | D:6      | Reached XP level 8. HP: 51/60 MP: 8/10
  4533 | D:6      | Reached skill level 10 in Ranged Weapons
  5201 | D:7      | Reached skill level 11 in Ranged Weapons
  5710 | D:7      | Found a flagged portal.
  5715 | Bailey   | Entered a bailey
  5750 | Bailey   | Noticed an orc warlord
  5929 | Bailey   | Reached XP level 9. HP: 53/67 MP: 7/11
  6000 | Bailey   | Reached skill level 12 in Ranged Weapons
  6209 | Bailey   | Found a runed translucent gate.
  6212 | Bailey   | Found a runed translucent gate.
  6214 | Bailey   | Found a runed translucent gate.
  6695 | D:4      | Killed Grinder
  7529 | D:9      | Found a staircase to the Lair.
  7588 | D:8      | Reached skill level 13 in Ranged Weapons
  8366 | D:9      | Found Kofo's Antique Armour Boutique.
  8374 | D:9      | Bought a pair of boots for 135 gold pieces
  8374 | D:9      | Bought a pair of runed gloves for 225 gold pieces
  8448 | D:9      | Reached skill level 14 in Ranged Weapons
  8510 | D:9      | Reached XP level 10. HP: 35/73 MP: 5/13
  9095 | D:9      | Found Ydygim Ato's Magic Scroll Emporium.
  9105 | D:9      | Bought a scroll of teleportation for 39 gold pieces
  9456 | Lair:1   | Entered Level 1 of the Lair of Beasts
  9512 | Lair:1   | Noticed a skyshark
  9520 | Lair:1   | Mangled by a skyshark

Illustrated notes

Levels and vault maps discovered:
D:1:      pf_arrival_petrified_forest, layout_basic, moated_statue
D:2:      layout_loops_corners
D:3:      cheibrodos_pilgrimage, layout_basic,
          hellmonk_ecumenical_altar_watching_god, serial_rivers,
          chequers_serial_rivers_micro_a, chequers_serial_rivers_small_b,
          chequers_serial_rivers_small_a, chequers_serial_rivers_small_b,
          kennysheep_generic_room_5, uniq_sigmund
D:4:      layout_cave_pools, chequers_temple_overflow_statue_of_worship,
          uniq_grinder
D:5:      layout_basic, minmay_temple_entry_poolview, serial_corexii_hall,
          corexii_hall_statues_i, corexii_hall_statues_x, corexii_hall_statues_i
D:6:      layout_basic
D:7:      layout_layer_cave, enter_bailey_3
D:8:      layout_basic
D:9:      layout_basic, minmay_lair_entry_grove, serial_shops, shop, shop,
          minmay_misc_feat_iff
Lair:1:   layout_big_grid, infiniplex_staircase_pool, grunt_megastairs_5,
          lemuel_fruit_tree

Skill      XL: |  1  2  3  4  5  6  7  8  9 |
---------------+----------------------------+-----
Ranged Weapons | 4 5 6 8 9 11 14 | 14.3
Fighting       | |  1.7
Dodging        | |  1.7
Stealth        | |  0.8

Action                     |  1- 3 |  4- 6 |  7- 9 | 10-12 || total
---------------------------+-------+-------+-------+-------++-------
  Melee: Shortbow          |       |     2 |       |       ||     2
   Fire: Shortbow          |   109 |   160 |   456 |    51 ||   776
    Use: Scroll            |     2 |     3 |     7 |     1 ||    13
         Potion            |       |       |     4 |     4 ||     8
 Armour: Leather armour    |    12 |    13 |    30 |    25 ||    80
  Dodge: Dodged            |    20 |    53 |   129 |    48 ||   250

Table legend: (Time is in decaauts)
 A = Elapsed time spent in this place.
 B = Non-inter-level travel time spent in this place.
 C = Inter-level travel time spent in this place.
 D = Time resting spent in this place.
 E = Time spent auto-exploring this place.
 F = Levels seen in this place.
 G = Mean time per level.
                   A        B        C        D        E       F      G
               +--------+--------+--------+--------+--------+-----+--------+
         Total |   9602 |   9034 |    568 |   1972 |   5526 |  11 |  872.9 |
       Dungeon |   8926 |   8358 |    568 |   1695 |   5307 |   9 |  991.8 |
          Lair |     62 |     62 |      0 |      0 |     38 |   1 |   62.0 |
        Bailey |    614 |    614 |      0 |    277 |    181 |   1 |  614.0 |
               +--------+--------+--------+--------+--------+-----+--------+

Top non-repeatable levels by time:
     D:9: 1531 daAuts
     D:6: 1254 daAuts
     D:8: 1021 daAuts
     D:2: 1003 daAuts
     D:5: 947 daAuts
     D:7: 927 daAuts
     D:1: 874 daAuts
     D:3: 726 daAuts
     D:4: 639 daAuts
  Bailey: 614 daAuts
  Lair:1: 62 daAuts
